 Dungeon Crawl Stone Soup version 0.16-a0-4086-gceb3487 (webtiles) character file.

28 plathrop the Conjurer (level 2, -3/15 HPs)
             Began as a Deep Elf Conjurer on Feb 23, 2015.
             Slain by Sigmund
             ... wielding a +3 scythe of holy wrath
              (10 damage)
             ... on level 2 of the Dungeon.
             The game lasted 00:03:33 (1177 turns).

plathrop the Conjurer (Deep Elf Conjurer)           Turns: 1177, Time: 00:03:33

Health: -3/15      AC:  5    Str:  5    XL:     2   Next: 96%
Magic:  2/8        EV: 12    Int: 19    God:
Gold:   64         SH:  0    Dex: 15    Spells: 2 memorised, 5 levels left

rFire  . . .     SeeInvis .     g - +0 dagger
rCold  . . .     Clarity  .     i - +0 leather armour (curse)
rNeg   . . .     SustAb   .     (no shield)
rPois  .         Gourm    +     (no helmet)
rElec  .         Spirit   .     h - +0 cloak
rCorr  .         Warding  .     a - +0 pair of gloves
rMut   .         Stasis   .     (no boots)
MR     +....                    j - amulet of the gourmand
Stlth  ++........               (no ring)
                                f - ring of protection from magic

@: somewhat resistant to hostile enchantments, unstealthy
A: no striking features
a: no special abilities


You were on level 2 of the Dungeon.
You were not hungry.

You visited 1 branch of the dungeon, and saw 2 of its levels.

You collected 64 gold pieces.

Inventory:

Hand weapons
 g - a +0 dagger (weapon)
Armour
 a - a +0 pair of gloves (worn)
 h - a +0 cloak (worn)
 i - a cursed +0 leather armour (worn)
Jewellery
 f - a ring of protection from magic (left hand)
 j - an amulet of the gourmand (around neck)
Scrolls
 d - a scroll of identify
 e - a scroll of recharging
 o - a scroll of remove curse {unknown}
Potions
 l - a potion of invisibility {unknown}
 n - a potion of ambrosia {unknown}
Books
 c - a book of Conjurations

   Spells                             Type                      Level
   a - Magic Dart                     Conjuration                  1
   b - Searing Ray                    Conjuration                  2
   c - Dazzling Spray                 Conjuration/Hexes            3
   d - Fulminant Prism                Conjuration/Hexes            4
   e - Iskenderun's Mystic Blast      Conjuration                  4
   f - Iskenderun's Battlesphere      Conjuration/Charms           5
Comestibles
 k - a slice of pizza
 m - a beef jerky


   Skills:
 - Level 2.4 Dodging
 - Level 2.4 Stealth
 + Level 3.8 Spellcasting
 * Level 5.0 Conjurations


You had 5 spell levels left.
You knew the following spells:

 Your Spells              Type           Power        Failure   Level  Hunger
a - Magic Dart            Conj           ###.         2%          1    None
b - Searing Ray           Conj           ###...       4%          2    ##.....


Dungeon Overview and Level Annotations

Branches:
Dungeon (2/15)

Altars:
Dithmenos

Annotations:
D:2 Sigmund


Message History

Press: ? - help, Shift-Dir - straight line, f/p - Sigmund
Aim: Sigmund, wielding a scythe of holy wrath and wearing a robe (moderately wounded)
The magic dart hits Sigmund.
Sigmund is moderately wounded.
Sigmund casts a spell.
Sigmund flickers and vanishes!
Deactivating autopickup; reactivate with Ctrl-A.
The puff of flame hits you!
Ouch! That really hurt!
Casting: Magic Dart
Confirm with . or Enter, or press ? or * to list all spells.
Aiming: Searing Ray
Press: ? - help, Shift-Dir - straight line, f - you The searing ray hits something.
You hear some strange, mumbled words.
Something tries to affect you, but you resist.
The searing ray hits something.
Something hits you!
Ouch! That really hurt!
You die...

## .... . ... ... #.. ####
#.# #.. ..# #.. #.. #.#
#.###### #@# # #....#.. ####
#.# #.#.##.#.. ##...# #.#
#.#....#.. ##.....## #.#
#........# #.......# #.#
###.###### #.#._.#(####.#
#.### ...##.##..#.#.# #.#†##
...###.......#########....###
...............(.............


There were no monsters in sight!

Vanquished Creatures
  3 giant geckos
  A ball python (D:1)
  3 bats (D:1)
  2 giant cockroaches (D:1)
  2 hobgoblins
  2 quokkas (D:2)
  A giant newt (D:1)
  6 goblins (D:1)
  A kobold (D:2)
  2 rats
23 creatures vanquished.

Notes
Turn   | Place    | Note
--------------------------------------------------------------
     0 | D:1      | plathrop, the Deep Elf Conjurer, began the quest for the Orb.
     0 | D:1      | Reached XP level 1. HP: 10/10 MP: 5/5
   337 | D:1      | Reached XP level 2. HP: 15/15 MP: 6/8
   341 | D:1      | Learned a level 2 spell: Searing Ray
   787 | D:1      | Reached skill level 5 in Conjurations
  1149 | D:2      | Found a shadowy altar of Dithmenos.
  1158 | D:2      | Noticed Sigmund
  1177 | D:2      | Slain by Sigmund

Action                   || total
-------------------------++-------
Melee: Dagger            ||     1
 Cast: Magic Dart        ||    39
       Searing Ray       ||     1
  Use: Scroll            ||     3
  Eat: Bread ration      ||     1
